cohdb
Replays
Latest Replays
All Replays
Popular Replays
Top Player Replays
Match Explorer
How It Works
Community
CoH3 Stats
Reddit
Sign in to upload your games and track your stats! →
Sign in with Steam
Match 42490908
Unlisted
Match 42490908
Overview
Messages
Build Orders
End
Panzerpioneer Squad
250 Light Carrier
Panzerpioneer Squad
Construct Light Support Kompanie
MG34 Team
MG34 Team
Fire Support Elements
Flakvierling Half-track
2.5-tonne Medical Truck
Pak 38 Mechanized Group
Combat Half-tracks
Construct Mechanized Kompanie
18-tonne Recovery Half-track
Vehicle Survival Package
Construct Panzerarmee Kommand
Tungsten Core Ammunition
Advanced Field Repairs
Selects Armored Support Battlegroup
Selects Veteran Gunners
Selects Vehicle Awareness
Selects Panzer Storm
Emergency Repair Kits
Rapid Advance
Advanced Optics
Armored Reserves
Tiger Heavy Tank
Tiger Heavy Tank
Flak 36 Anti-tank Gun Team
Selects Stuka Anti-tank Loiter
Selects Flammpanzer III Medium Tank
Selects Battlefield Salvage
Stuka Anti-tank Loiter
Walking Stuka Rocket Launcher
Vehicle Awareness
Flak 36 Anti-tank Gun Team
Stuka Anti-tank Loiter
Lord Admiral Pickwick
Anson.W
lihao
St. George Floyd
Geno 21
Scooter
Rum
toto
0
0
Comments
sign in to comment!
No comments posted yet!